 Dungeon Crawl Stone Soup version 0.32-a0-312-g1d7162e751 (webtiles) character file.

Game seed: 1754891249751643869

1191864 greenbourne the Slayer (level 26, 280/280 HPs)
             Began as an Oni Alchemist on Feb 15, 2024.
             Was the Champion of Lugonu.
             Escaped with the Orb
             ... and 3 runes on Feb 17, 2024!
             The game lasted 07:20:37 (152529 turns).

greenbourne the Slayer (Oni Alchemist)            Turns: 152529, Time: 07:20:37

Health: 280/280    AC: 21    Str: 19    XL:     26   Next: 71%
Magic:  56/56      EV: 10    Int: 24    God:    Lugonu [******]
Gold:   5609       SH:  0    Dex:  8    Spells: 4/65 levels left

rFire   + + +        Y - staff of air
rCold   + + .        U - +2 shield of Resistance {rF++ rC++ Will++}
rNeg    + + .        p - quicksilver dragon scales
rPois   +            y - +2 hat
rElec   +            v - +2 cloak {rPois}
rCorr   .            (gloves unavailable)
SInv    +            (boots unavailable)
Will    +++++        i - amulet of magic regeneration Stlth
                     D - ring "Paofaar" {rN+ MP+9 Dex+3}
HPRegen 0.66/turn    T - ring "Vookemme" {Wiz *Corrode rN+ Will+ SInv}
MPRegen 0.75/turn

%: random rage (9%), corrode self (3%), wizardry (x1)
@: confused, mighty, brilliant, ambrosia-drunk, enlightened, flying
A: large, unfitting armour, horns 1, tough skin 1, double potion healing,
drunken brawling, iridescent scales 1, berserk 2, clumsy 2, fire resistance 2,
frail 1, mutation resistance 1, no potion heal 1
0: Orb of Zot
}: 3/15 runes: decaying, slimy, gossamer
a: Renounce Religion, Depart the Abyss, Banish, Corrupt, Enter the Abyss, Brand
Weapon With Distortion


You escaped.
You worshipped Lugonu.
Lugonu was exalted by your worship.
You visited 11 branches of the dungeon, and saw 52 of its levels.

You collected 7965 gold pieces.
You spent 2356 gold pieces at shops.

Inventory:

Hand Weapons
 R - the +8 hand axe "Oguuh" {elec, rC+}
   (You took it off a deep elf death mage on level 3 of the Elven Halls)

   rC+:       It protects you from cold.
Missiles
 r - 9 curare-tipped darts
 S - 8 atropa-tipped darts
Armour
 p - quicksilver dragon scales (worn)
 v - a +2 cloak of poison resistance (worn)
 y - a +2 hat (worn)
 U - the +2 shield of Resistance (worn) {rF++ rC++ Will++}
   (You found it on level 14 of the Dungeon)

   rF++:      It greatly protects you from fire.
   rC++:      It greatly protects you from cold.
   Will++:    It greatly increases your willpower.
Magical Staves
 Y - a staff of air (weapon)
Jewellery
 g - the amulet of the Four Winds {rN+ Will+++ Clar}
   (You took it off a deep elf death mage on level 3 of the Elven Halls)

   [amulet of nothing]

   rN+:       It protects you from negative energy.
   Will+++:   It greatly increases your willpower.
   Clar:      It protects you from confusion, rage, mesmerisation and fear.
 i - an amulet of magic regeneration (around neck)
 s - the ring of Winter {rC++ Will+ Str+4}
   (You found it on level 3 of the Elven Halls)

   [ring of willpower]

   Str+4:     It affects your strength (+4).
   rC++:      It greatly protects you from cold.
   Will+:     It increases your willpower.
 w - an amulet of reflection
 C - a +4 ring of protection
 D - the ring "Paofaar" (left hand) {rN+ MP+9 Dex+3}
   (You found it on level 4 of the Spider Nest)

   [ring of magical power]

   Dex+3:     It affects your dexterity (+3).
   rN+:       It protects you from negative energy.
   MP+9:      It affects your magic capacity (+9).
 E - a +5 ring of evasion
 J - an amulet of regeneration
 T - the ring "Vookemme" (right hand) {Wiz *Corrode rN+ Will+ SInv}
   (You took it off a deep elf high priest on level 3 of the Elven Halls)

   [ring of wizardry]

   Wiz:       It improves your spell success rate.
   rN+:       It protects you from negative energy.
   Will+:     It increases your willpower.
   SInv:      It lets you see invisible.
   *Corrode:  It may corrode you when you take damage.
Wands
 b - a wand of charming (54)
 f - a wand of polymorph (20)
 A - a wand of roots (53)
 I - a wand of flame (76)
 K - a wand of mindburst (15)
 L - a wand of quicksilver (15) (quivered)
Scrolls
 a - a scroll of torment
 c - 6 scrolls of fog
 d - 3 scrolls of amnesia
 e - a scroll of revelation
 j - 4 scrolls of immolation
 l - 3 scrolls of teleportation
 q - 8 scrolls of vulnerability
 B - 3 scrolls of silence
 G - 3 scrolls of fear
 H - 4 scrolls of poison
 V - 2 scrolls of summoning
 X - a scroll of enchant armour
Potions
 h - 11 potions of lignification
 k - 5 potions of brilliance
 n - 2 potions of berserk rage
 o - 11 potions of curing
 x - 2 potions of heal wounds
 z - 6 potions of mutation
 M - 7 potions of enlightenment
 N - 7 potions of attraction
 O - 3 potions of resistance
 Q - 5 potions of ambrosia
 W - 3 potions of might
 Z - 2 potions of cancellation


   Skills:
 + Level 26.5 Fighting
 - Level 3.0 Short Blades
 - Level 10.0 Armour
 - Level 10.0 Dodging
 - Level 1.4 Stealth
 - Level 13.0 Shields
 - Level 20.2 Spellcasting
 - Level 5.0 Conjurations
 - Level 6.0 Hexes
 - Level 22.0 Summonings
 - Level 8.4 Necromancy
 - Level 11.0 Translocations
 - Level 5.0 Ice Magic
 - Level 6.0 Air Magic
 - Level 7.0 Alchemy
 - Level 15.0 Invocations


You had 4 spell levels left.
You knew the following spells:

 Your Spells              Type           Power      Damage    Failure   Level
a - Summon Hydra          Summ           57%        N/A       1%          7
b - Passage of Golubria   Tloc           86%        N/A       1%          4
c - Haunt                 Necr/Summ      49%        N/A       3%          7
d - Irradiate             Conj/Alch      34%        3d23      4%          5
f - Summon Lightning Spi  Summ/Air       100%       N/A       1%          4
g - Yara's Violent Unrav  Hex/Alch       35%        3d14      4%          5
h - Monstrous Menagerie   Summ           57%        N/A       1%          7
i - Malign Gateway        Summ/Tloc      50%        N/A       1%          7
j - Silence               Hex/Air        44%        N/A       4%          5
k - Dispersal             Tloc           43%        N/A       3%          6
l - Martyr's Knell        Necr/Summ      98%        N/A       1%          4

Your spell library contained the following spells:

 Spells                   Type           Power      Damage    Failure   Level
 Summon Small Mammal      Summ           100%       N/A       0%          1
 Call Imp                 Summ           100%       N/A       0%          2
 Apportation              Tloc           100%       N/A       1%          1
 Foxfire                  Conj/Fire      100%       2x1d9     1%          1
 Freeze                   Ice            100%       1d10      1%          1
 Necrotise                Necr           100%       1d9       1%          1
 Shock                    Conj/Air       100%       1d9       1%          1
 Slow                     Hex            100%       N/A       1%          1
 Sting                    Conj/Alch      100%       1d9       1%          1
 Blink                    Tloc           100%       N/A       1%          2
 Jinxbite                 Hex            100%       N/A       1%          2
 Mercury Vapours          Alch/Air       100%       N/A       1%          2
 Momentum Strike          Conj/Tloc      100%       3d10      1%          2
 Static Discharge         Conj/Air       100%       3-8/arc   1%          2
 Sublimation of Blood     Necr           77%        N/A       1%          2
 Confusing Touch          Hex            68%        N/A       1%          3
 Dazzling Flash           Conj/Hex       100%       N/A       1%          3
 Frozen Ramparts          Ice            100%       1d16      1%          3
 Fugue of the Fallen      Necr           77%        N/A       1%          3
 Gell's Gravitas          Tloc           86%        N/A       1%          3
 Hailstorm                Conj/Ice       64%        3d12      1%          3
 Inner Flame              Hex/Fire       55%        N/A       1%          3
 Mephitic Cloud           Conj/Alch/Air  88%        N/A       1%          3
 Sigil of Binding         Hex            68%        N/A       1%          3
 Summon Ice Beast         Ice/Summ       93%        N/A       1%          3
 Teleport Other           Tloc           86%        N/A       1%          3
 Tukima's Dance           Hex            68%        N/A       1%          3
 Vampiric Draining        Necr           77%        2d11      1%          3
 Volatile Blastmotes      Fire/Tloc      100%       2d18      1%          3
 Airstrike                Air            44%        2d(7-23)  1%          4
 Animate Armour           Summ/Erth      100%       N/A       1%          4
 Animate Dead             Necr           77%        N/A       1%          4
 Dimensional Bullseye     Hex/Tloc       39%        N/A       1%          4
 Fulminant Prism          Conj/Alch      34%        3d15      1%          4
 Iskenderun's Mystic Bla  Conj/Tloc      76%        2d15      1%          4
 Olgreb's Toxic Radiance  Alch           72%        N/A       1%          4
 Vhi's Electric Charge    Tloc/Air       100%       N/A       1%          4
 Leda's Liquefaction      Alch/Erth      28%        N/A       4%          4
 Petrify                  Alch/Erth      57%        N/A       4%          4
 Sticky Flame             Fire/Alch      57%        2d10      4%          4
 Brom's Barrelling Bould  Conj/Erth      53%        2d7       8%          4
 Flame Wave               Conj/Fire      53%        2d13      8%          4
 Curse of Agony           Necr           77%        N/A       1%          5
 Alistair's Intoxication  Alch           48%        N/A       3%          5
 Freezing Cloud           Conj/Ice/Air   42%        6-21      6%          5
 Metabolic Englaciation   Hex/Ice        33%        N/A       6%          5
 Spellforged Servitor     Conj/Summ      46%        N/A       7%          7
 Iskenderun's Battlesphe  Conj           64%        2d11      8%          5
 Borgnjor's Vile Clutch   Necr/Erth      30%        N/A       10%         5
 Eringya's Noxious Bog    Alch           36%        4d6       17%         6
 Fireball                 Conj/Fire      26%        3d12      21%         5
 Sculpt Simulacrum        Ice/Alch       34%        N/A       26%         6
 Conjure Ball Lightning   Conj/Air       42%        3x3d15    32%         6
 Lee's Rapid Deconstruct  Erth           18%        3d11*     45%         5
 Bombard                  Conj/Erth      26%        9d5       69%         6
 Enfeeble                 Hex            34%        N/A       78%         7
 Disjunction              Tloc           43%        N/A       78%         8
 Orb of Destruction       Conj           32%        9d10      89%         7
 Ozocubu's Refrigeration  Ice            32%        4d14      89%         7
 Borgnjor's Revivificati  Necr           38%        N/A       98%         8
 Infestation              Necr           38%        N/A       98%         8
 Discord                  Hex            34%        N/A       100%        8
 Ignition                 Fire           18%        3d7       100%        8
 Maxwell's Capacitive Co  Air            44%        ∞         100%        8
 Polar Vortex             Ice            32%        12d4*     100%        9


Dungeon Overview and Level Annotations

Branches:
Dungeon (15/15)            Temple (1/1) D:4            Lair (5/5) D:9
  Swamp (4/4) Lair:2       Spider (4/4) Lair:3        Slime (5/5) Lair:5
    Orc (2/2) D:12            Elf (3/3) Orc:2        Vaults (4/5) D:14
  Crypt (0/3) Vaults:2     Depths (4/4) D:15            Zot (5/5) Depths:4

Altars:
Ashenzari
Cheibriados
Dithmenos
Elyvilon
Fedhas
Gozag
Hepliaklqana
Kikubaaqudgha
Makhleb
Nemelex Xobeh
Okawaru
Qazlal
Ru
Sif Muna
Trog
Uskayaw
Vehumet
Wu Jian
Xom
Yredelemnul
Zin
The Shining One
Beogh
Jiyva
Lugonu

Shops:
D:3 [   D:7 *   D:11 *   Orc:1 *   Orc:2 [(**   Elf:2 ?   Elf:3 :(   Vaults:2 [

Portals:
Hell: Depths:1 Depths:2 Depths:3 Depths:4
Abyss: Depths:3
Pandemonium: Depths:2
Ziggurat: Depths:2

Annotations:
Lair:1 exclusion: downstairs
Lair:4 exclusion: downstairs
Elf:2 3 runed translucent doors
Zot:2 36 runed translucent doors
Zot:4 1 runed translucent door, Befigh's ghost, legendary HOFi
Abyss:1 Erica; Gastronok


Innate Abilities, Weirdness & Mutations

You are too large for most types of armour.
You have a pair of small horns on your head.
You have tough skin. (AC +1)
You gain doubled healing and magic from potions.
Whenever you drink a healing potion, you attack all around you.
You are partially covered in iridescent scales. (AC +2)
You have an uncontrollable temper.
You are very clumsy. (Dex -4)
Your flesh is very heat resistant. (rF++)
You are frail. (-10% HP)
You are somewhat resistant to further mutation.
Potions are less effective at restoring your health.


Message History

You see here an adder skeleton.
A seraph and a cherub come into view.
The seraph is wielding a +4 great sword of flaming.
The cherub is wielding a +0 scimitar of flaming.
The cherub moves out of view.
The seraph shouts a warning to its allies!
The seraph gestures.
The seraph begins to accept its allies' injuries.
There is a stone staircase leading up here.
You climb upwards.
A glowing orange brain comes into view.
There is a stone staircase leading down here.
Casting: Summon Hydra (mildly dangerous; 1% risk of failure)
Confirm with . or Enter, or press ? or * to list all spells.
You summon a manticore!
Casting: Monstrous Menagerie (mildly dangerous; 1% risk of failure)
Confirm with . or Enter, or press ? or * to list all spells.
You summon a manticore!
Your manticore flicks its tail.
The volley of spikes skewers the glowing orange brain!
You swap places.
Your manticore bites the glowing orange brain!!
Your manticore claws the glowing orange brain.
Your manticore claws the glowing orange brain!
Your manticore bites the glowing orange brain!
The glowing orange brain dies!
Lugonu accepts your kill.
There is an open door here.
Your manticore disappears in a puff of smoke!
There is a stone staircase leading up here.
You climb upwards.
Your summoned ally is left behind.
There is a stone staircase leading down here.
You enter the shallow water.
You feel very buoyant.
You fly up into the air.
There is a staircase leading out of the dungeon here.
You feel clever all of a sudden.
You feel very mighty all of a sudden.
You are confused.
You feel invigorated.
You have escaped!

## ####### ###..............#
.####.....###....††..........#
............÷.........#.######
..........#...#.......#.#
........###############.#
.......÷##.†...## #.#
........#.#####.## #.#
........#.ß≈ß≈ß(.# #.#
.....)÷...~≈≈≈~.@######.#
........#.ß≈ß≈ß..#......#
........#.#####.##..##..#
........##.....###..###.#
.#......######## #......#
.#.........# #......#
...........# #......#
##.........# #......#
.÷........## #.)..).#


There were no monsters in sight!

Vanquished Creatures
  A golden dragon (Zot:1)
  An acid blob (Slime:4)
  A death cob (Zot:3)
  An azure jelly (Slime:5)
  A protean progenitor (Zot:2)
  3 emperor scorpions
  A ghost moth (Spider:4)
  A draconian scorcher (Zot:2)
  An orc warlord (Orc:2)
  2 broodmothers
  An ironbound preserver (D:14)
  The ghost of Ignak the Thaumaturge, a journeyman GnAE of Sif Muna (Orc:2)
  A formless jellyfish (Vaults:4)
  2 stone giants (Depths:1)
  2 quicksilver oozes (Slime:5)
  A green draconian (Zot:1)
  A deep elf death mage (Elf:3)
  3 eleionomae
  A deep elf demonologist (Elf:3)
  A black draconian (Zot:3)
  5 bunyips
  A yellow draconian (Zot:3)
  Snorg (Orc:1)
  A spark wasp (Spider:3)
  A deep elf high priest (Elf:1)
  8 hydras
  An ogre mage (D:15)
  A radroach (Spider:4)
  2 catoblepae
  4 centaur warriors
  An ice dragon (D:14)
  A spriggan air mage (Swamp:3)
  3 dancing weapons
  2 alligators (Swamp:3)
  5 two-headed ogres
  A hell hog (D:15)
  3 death yaks
  6 boulder beetles
  3 tengu warriors
  Urug (D:10)
  Sonja (D:12)
  4 deep elf knights
  10 spriggans
  Lodul (D:10)
  3 goliath frogs (Swamp:1)
  2 deep trolls
  2 bog bodies
  3 spriggan druids (Swamp:1)
  An orb spider (Spider:3)
  2 deep elf pyromancers (D:14)
  2 deep elf zephyrmancers
  10 nameless horrors
  2 steelbarb worms
  A harpy (shapeshifter) (D:15)
  4 swamp dragons
  5 orc knights
  3 will-o-the-wisps
  A wolf spider (Spider:2)
  An ugly thing (D:12)
  5 cyclopes
  An oklob plant (Lair:3)
  A moth of wrath (Spider:1)
  6 manticores
  Maurice (D:9)
  3 meliai (D:13)
  A black mamba (shapeshifter) (D:15)
  2 orange demons (Orc:2)
  7 kobold blastminers (Orc:2)
  A gargoyle (D:14)
  An unseen horror (shapeshifter) (D:14)
  13 cane toads
  Maggie (D:8)
  8 komodo dragons
  An unseen horror (D:13)
  A freezing wraith (D:14)
  3 rime drakes
  An efreet (D:10)
  4 tengu conjurers
  5 tyrant leeches
  3 bloated husks
  2 polar bears
  4 hornets
  3 trolls
  A wolf spider simulacrum (D:15)
  Prince Ribbit (D:4)
  2 tarantellas
  A meliai zombie (D:15)
  6 blink frogs
  A jumping spider (Spider:3)
  11 slime creatures
  2 wyverns
  6 wraiths
  3 vampires
  A water elemental (D:12)
  3 steam dragons
  59 yaks
  Grum (D:8)
  8 basilisks
  4 redbacks
  2 wargs
  5 vampire mosquitoes
  10 swamp worms
  11 water moccasins
  4 laughing skulls
  2 black bears
  An ice beast (D:6)
  32 orc warriors
  A small abomination (D:15)
  A swamp drake (Lair:3)
  An elephant zombie (D:15)
  18 ogres
  A sky beast (D:7)
  15 wolves
  10 centaurs
  4 phantoms
  A kobold brigand (D:8)
  10 bullfrogs
  3 gnoll sergeants
  6 scorpions
  5 spriggan zombies (D:15)
  15 killer bees
  A vampire bat (Lair:4)
  3 bombardier beetles
  10 electric eels
  2 howler monkeys
  4 jellies
  3 hounds
  20 orc priests
  4 gnoll boudas (D:8)
  5 iguanas
  29 orc wizards
  5 hell rats
  29 gnolls
  6 adders
  A shadow imp (D:7)
  14 white imps
  2 ufetubi
  3 ribbon worms
  84 orcs
  9 ball pythons
  8 endoplasms
  3 giant cockroaches
  6 hobgoblins
  5 jackals
  10 kobolds
  6 quokkas
  12 bats
  5 frilled lizards
  10 goblins
  4 rats
785 creatures vanquished.

Vanquished Creatures (collateral kills)
  the Royal Jelly (Slime:5)
  4 dread liches
  7 orbs of fire
  An ancient lich (Zot:5)
  Mennas (Depths:4)
  Josephina (Depths:3)
  the Lernaean hydra (Swamp:4)
  Bai Suzhen (Swamp:3)
  6 Killer Klowns
  9 golden dragons
  A curse toe (Zot:4)
  A caustic shrike (Depths:2)
  Nikola (Vaults:1)
  2 bone dragons (Depths:4)
  The ghost of Minguic the Brawler, an adept TrHW of Okawaru (Spider:4)
  2 electric golems (Zot:5)
  A walking crystal tome (Depths:4)
  18 tentacled monstrosities
  Asterion (Elf:3)
  A lich (Depths:3)
  25 Orb Guardians
  A walking frostbound tome (Depths:1)
  A deep elf blademaster (Elf:3)
  2 deep elf master archers (Elf:3)
  7 quicksilver dragons
  20 acid blobs
  3 sphinxes
  13 eldritch tentacles
  A tengu reaver (Vaults:3)
  8 death cobs
  9 shadow dragons
  Donald (Swamp:3)
  4 protean progenitors (Zot:2)
  Agnes (Elf:1)
  12 storm dragons
  6 frost giants
  12 draconian knights
  7 azure jellies
  10 rockslimes
  Aizul (Vaults:1)
  6 fire giants
  3 draconian stormcallers
  10 draconian monks
  5 draconian scorchers
  8 draconian shifters
  A balrug (Depths:4)
  2 emperor scorpions
  5 iron dragons
  8 vault wardens
  6 ghost moths
  4 deep elf sorcerers (Elf:3)
  5 spectral caustic shrikes (Depths:2)
  Louise (Swamp:3)
  9 draconian annihilators
  11 ironbound preservers
  An angel (Vaults:3)
  6 deep elf elementalists
  20 very ugly things
  4 quicksilver oozes
  3 formless jellyfish
  The ghost of Jopt the Warrior, a journeyman VSBe of Trog (Swamp:3)
  15 stone giants
  4 deep elf death magi
  9 black draconians
  11 ironbound thunderhulks
  15 green draconians
  An eleionoma (Swamp:2)
  9 purple draconians
  2 bunyips
  A lorocyproca (Zot:1)
  6 deep elf annihilators
  4 spark wasps
  2 war gargoyles (Vaults:3)
  18 red draconians
  10 dire elephants
  9 white draconians
  6 deep elf demonologists
  18 yellow draconians
  A crystal guardian (Vaults:3)
  The ghost of MacCMillion the Thaumaturge, a journeyman DjAl of Makhleb (Orc:1)
  7 ettins
  6 fire dragons
  2 jiangshi (Depths:2)
  An eidolon (Vaults:2)
  A shambling mangrove (Swamp:4)
  4 entropy weavers
  5 deep elf high priests
  2 rakshasas (Depths:1)
  15 hydras
  5 yaktaur captains
  5 great orbs of eyes
  8 ice dragons
  5 spriggan air magi
  2 peacekeepers (Vaults:3)
  A hell beast (Depths:2)
  7 vault guards
  4 catoblepae
  11 ironbound frosthearts
  3 alligators (Swamp:3)
  4 radroaches
  13 dancing weapons
  2 boulder beetles
  2 centaur warriors
  5 tengu warriors
  3 two-headed ogres (D:15)
  6 deep troll shamans
  3 deep troll earth magi
  2 death yaks (Lair:5)
  5 spriggan berserkers
  4 vampire magi
  An orc high priest (Orc:2)
  3 demonic crawlers
  4 occultists (Depths:3)
  5 deep elf knights
  2 soul eaters
  11 spriggans
  A skyshark (shapeshifter) (Vaults:3)
  A sun demon (Depths:2)
  A skyshark (Lair:5)
  8 pharaoh ants
  17 hell knights
  11 iron trolls
  4 glowing orange brains
  3 orb spiders (Spider:2)
  A flayed ghost (Depths:1)
  A goliath frog (Swamp:4)
  A spriggan druid (Swamp:4)
  3 arcanists
  40 deep trolls
  An orb spider (shapeshifter) (Depths:3)
  9 swamp dragons
  A mana viper (shapeshifter) (Depths:1)
  An obsidian statue (D:12)
  2 sun moths (shapeshifter) (Depths:4)
  13 ironbound convokers
  A sun moth (Spider:3)
  4 steelbarb worms
  9 bog bodies (Swamp:4)
  14 deep elf archers
  10 lindwurms
  4 necromancers
  13 deep elf zephyrmancers
  16 wolf spiders
  A fire giant zombie (Vaults:3)
  16 deep elf pyromancers
  11 shining eyes
  A manticore (Lair:5)
  2 fauns (Zot:2)
  15 ugly things
  A will-o-the-wisp (Swamp:4)
  2 meliai (Spider:4)
  An orc sorcerer (Elf:2)
  2 cyclopes
  35 moths of wrath
  A smoke demon (Depths:4)
  13 vault sentinels
  A titan simulacrum (Vaults:4)
  3 eyes of devastation
  An orange demon (Orc:2)
  3 cane toads
  3 torpor snails
  A komodo dragon (shapeshifter) (D:13)
  An efreet (D:15)
  A hellion (Depths:4)
  19 yaktaurs
  2 tengu conjurers (Depths:4)
  A spark wasp simulacrum (Depths:3)
  A red devil (D:4)
  2 wind drakes (Zot:2)
  A polar bear (Lair:4)
  A tyrant leech (shapeshifter) (Depths:4)
  2 tyrant leeches (Zot:2)
  A troll (Orc:2)
  21 tarantellas
  10 hornets
  2 shadow dragon simulacra (Depths:3)
  4 glass eyes
  70 slime creatures
  17 jumping spiders
  2 frost giant simulacra (Depths:3)
  14 culicivoras
  2 wraiths
  A deep troll skeleton (Vaults:4)
  3 air elementals
  10 yaks
  4 fire elementals
  A water elemental (Elf:3)
  3 golden eyes (Slime:3)
  28 redbacks
  A chaos spawn (Zot:1)
  A yaktaur simulacrum (Vaults:4)
  4 swamp worms
  An acid dragon (D:13)
  2 water moccasins (Lair:5)
  17 nameless horrors
  2 glowing shapeshifter skeletons (Vaults:3)
  7 swamp drakes (Swamp:4)
  7 orc warriors
  The ghost of ballabu the Trooper, an amateur DsFi (D:3)
  An elf simulacrum (Vaults:3)
  3 wolves
  2 centaurs (D:14)
  An ogre (Orc:2)
  A bullfrog (Lair:3)
  2 scorpions
  2 earth elementals (Elf:1)
  A wyvern skeleton (D:3)
  3 spriggan zombies (D:15)
  2 centaur zombies
  A jelly (Lair:5)
  3 orc priests (Orc:2)
  2 orc wizards (Orc:2)
  6 hell rats
  3 white imps (Lair:4)
  10 orcs
  2 endoplasms (Lair:5)
  4 aspiring fleshes (Zot:2)
  A spectral weapon (Elf:3)
1255 creatures vanquished.

Vanquished Creatures (others)
  A dread lich (Zot:5)
  2 orbs of fire (Zot:5)
  An electric golem (Zot:5)
  A deep elf blademaster (Elf:3)
  3 Orb Guardians
  A death cob (Zot:5)
  189 eldritch tentacles
  A draconian shifter (Zot:5)
  A draconian monk (Zot:5)
  A draconian annihilator (Zot:3)
  An ironbound thunderhulk (Vaults:1)
  A purple draconian (Zot:5)
  A yellow draconian (Zot:5)
  A red draconian (Zot:5)
  A war gargoyle (Vaults:1)
  A hydra (Swamp:3)
  A radroach (Spider:4)
  A hell knight (Depths:3)
  A deep elf pyromancer (Elf:3)
  A deep elf zephyrmancer (Elf:3)
  An ugly thing (Vaults:2)
  A smoke demon (Depths:4)
  2 slime creatures (Slime:1)
  A tengu conjurer (Depths:4)
  3 nameless horrors
  A laughing skull (D:15)
  21 foxfires
241 creatures vanquished.

Grand Total: 2281 creatures vanquished

Notes
Turn   | Place    | Note
-------+----------+-------------------------------------------
     0 | D:1      | greenbourne the Oni Alchemist began the quest for the Orb.
     0 | D:1      | Reached XP level 1. HP: 16/16 MP: 3/3
    19 | D:1      | Reached skill level 1 in Conjurations
   213 | D:1      | Reached XP level 2. HP: 24/24 MP: 3/5
   249 | D:1      | Learned a level 2 spell: Mercury Vapours
   330 | D:1      | Reached skill level 1 in Fighting
   346 | D:1      | Reached XP level 3. HP: 33/33 MP: 0/7
  1278 | D:2      | Reached XP level 4. HP: 42/42 MP: 0/8
  1399 | D:2      | Reached skill level 2 in Fighting
  1452 | D:2      | Noticed a scorpion
  2744 | D:3      | Found a runed translucent gate.
  2781 | D:3      | Found a runed translucent gate.
  2782 | D:3      | Found a runed translucent gate.
  2843 | D:3      | Reached XP level 5. HP: 46/50 MP: 4/10
  2993 | D:3      | Found Fukk's Antique Armour Shop.
  3184 | D:3      | Found a faded altar of an unknown god.
  3205 | D:3      | Prayed at the altar of an unknown god.
  3205 | D:3      | Became a worshipper of Lugonu the Unformed
  3205 | D:3      | Reached * piety under Lugonu
  3769 | D:3      | Noticed ballabu's ghost (amateur DsFi)
  3881 | D:2      | Reached skill level 3 in Fighting
  4229 | D:4      | Reached XP level 6. HP: 62/62 MP: 12/12
  4658 | D:4      | Identified the +0 plate armour of Lymenipy {rC- Regen+
                  | rCorr Str+3}
  4849 | D:4      | Found a staircase to the Ecumenical Temple.
  5255 | D:4      | Reached skill level 4 in Fighting
  5637 | D:4      | Learned a level 3 spell: Mephitic Cloud
  5746 | D:4      | Reached XP level 7. HP: 71/71 MP: 0/14
  5928 | D:4      | Reached skill level 5 in Fighting
  5928 | D:4      | Reached skill level 5 in Spellcasting
  5928 | D:4      | Reached skill level 1 in Air Magic
  6288 | D:3      | Bought a glowing cloak for 172 gold pieces
  6642 | Temple   | Entered the Ecumenical Temple
  6667 | D:5      | Entered Level 5 of the Dungeon
  6687 | D:4      | Reached skill level 5 in Alchemy
  6692 | D:4      | Learned a level 4 spell: Olgreb's Toxic Radiance
  6732 | D:5      | Noticed Prince Ribbit
  6747 | D:4      | Killed Prince Ribbit
  6748 | D:4      | Reached XP level 8. HP: 55/80 MP: 4/16
  8008 | D:5      | Reached ** piety under Lugonu
  8055 | D:5      | Noticed a wraith
  8482 | D:6      | Noticed a shadow
  8796 | D:6      | Banished a shadow
  9008 | D:6      | Reached XP level 9. HP: 43/88 MP: 9/20
  9361 | D:6      | Found a glowing golden altar of the Shining One.
  9737 | D:6      | Reached skill level 5 in Invocations
 10737 | D:7      | Found Venob's Mail-Order Catalogue.
 10781 | D:7      | Found an iron altar of Okawaru.
 11094 | D:8      | Reached skill level 10 in Spellcasting
 11318 | D:8      | Noticed Maggie
 11331 | D:8      | Killed Maggie
 11332 | D:8      | Reached skill level 6 in Fighting
 11332 | D:8      | Reached XP level 10. HP: 100/100 MP: 11/24
 11789 | D:8      | Reached skill level 7 in Fighting
 11993 | D:8      | Noticed Gastronok
 12025 | D:8      | Banished Gastronok
 12026 | D:8      | Reached skill level 8 in Fighting
 12253 | D:8      | Found a burning altar of Makhleb.
 12277 | D:8      | Found a radiant altar of Vehumet.
 12612 | D:8      | Reached skill level 9 in Fighting
 12937 | D:8      | Reached *** piety under Lugonu
 13181 | D:8      | Noticed Grum
 13193 | D:8      | Killed Grum
 13622 | D:9      | Noticed Maurice
 13751 | D:9      | Reached skill level 10 in Fighting
 13751 | D:9      | Reached skill level 10 in Invocations
 13751 | D:9      | Reached XP level 11. HP: 108/117 MP: 6/25
 13763 | D:9      | Killed Maurice
 14563 | D:9      | Found a staircase to the Lair.
 15327 | D:9      | Learned a level 4 spell: Airstrike
 15657 | D:10     | Entered Level 10 of the Dungeon
 15967 | D:10     | Noticed Lodul
 15989 | D:10     | Killed Lodul
 15990 | D:10     | Reached skill level 5 in Air Magic
 16478 | D:10     | Noticed Urug
 16786 | D:10     | Reached **** piety under Lugonu
 16866 | D:10     | Killed Urug
 17317 | Lair:1   | Entered Level 1 of the Lair of Beasts
 17761 | Lair:1   | Reached XP level 12. HP: 101/126 MP: 8/28
 19053 | Lair:1   | Noticed a death yak
 19084 | Lair:1   | Killed a death yak
 19624 | Lair:2   | Noticed a catoblepas
 20320 | Lair:1   | Reached skill level 15 in Spellcasting
 20436 | Lair:1   | Reached skill level 1 in Summonings
 21116 | Lair:2   | Identified the +4 orcbow of Paper {elec, rN+}
 21127 | Lair:2   | Noticed a five-headed hydra
 21134 | Lair:2   | Killed a five-headed hydra
 21135 | Lair:2   | Reached skill level 11 in Fighting
 21894 | Lair:2   | Killed a catoblepas
 21902 | Lair:2   | Learned a level 4 spell: Summon Lightning Spire
 22867 | Lair:2   | Reached skill level 12 in Fighting
 23359 | Lair:2   | Found a staircase to the Swamp.
 23370 | Lair:2   | Reached XP level 13. HP: 77/140 MP: 21/32
 25215 | Lair:3   | Identified the +8 dagger "Sak Pokk" {freeze, Str+3 Stlth+}
 25240 | Lair:3   | Reached skill level 13 in Fighting
 25248 | Lair:3   | Reached skill level 1 in Short Blades
 25529 | Lair:3   | Found a hole to the Spider Nest.
 27295 | Lair:4   | Reached ***** piety under Lugonu
 28149 | Lair:5   | Entered Level 5 of the Lair of Beasts
 28149 | Lair:5   | Found a viscous altar of Jiyva.
 28149 | Lair:5   | Found a staircase to the Slime Pits.
 28537 | Lair:5   | Reached skill level 14 in Fighting
 30191 | Lair:5   | Reached skill level 1 in Hexes
 30469 | Lair:5   | Reached skill level 15 in Fighting
 30469 | Lair:5   | Reached XP level 14. HP: 119/159 MP: 17/34
 30670 | Lair:5   | Learned a level 5 spell: Yara's Violent Unravelling
 31470 | Lair:5   | Reached skill level 5 in Hexes
 31724 | Lair:5   | Identified the +8 arbalest of Truncation {freeze, rElec rF+
                  | rN+ Will+}
 32018 | Lair:5   | Identified the +12 great sword of the Leaping Gods {freeze,
                  | ^Fragile rElec rC+}
 32669 | D:11     | Noticed Erica
 32672 | D:11     | Banished Erica
 33150 | D:11     | Found Vitz's Assorted Antiques.
 33158 | D:11     | Bought a viscous cyan potion for 23 gold pieces
 34944 | D:12     | Noticed Sonja
 34948 | D:12     | Killed Sonja
 36262 | D:12     | Identified a scroll of acquirement
 36374 | D:12     | Reached skill level 16 in Fighting
 36487 | D:12     | Found a staircase to the Orcish Mines.
 36512 | Orc:1    | Entered Level 1 of the Orcish Mines
 36518 | Orc:1    | Reached ****** piety under Lugonu
 36699 | Orc:1    | Noticed Snorg
 36700 | Orc:1    | Found Byicaf's Gadget Gallery.
 36719 | Orc:1    | Killed Snorg
 37068 | Orc:2    | Entered Level 2 of the Orcish Mines
 37068 | Orc:2    | Noticed an orc warlord
 37357 | Orc:1    | Found a roughly hewn altar of Beogh.
 37415 | Orc:1    | Found a runed translucent door.
 37416 | Orc:1    | Noticed MacCMillion's ghost (journeyman DjAl)
 37431 | Orc:1    | You fall into a shaft and drop 1 floor!
 39925 | Orc:2    | Banished an orc warlord
 40208 | Orc:2    | Found a roughly hewn altar of Beogh.
 40310 | Orc:2    | Found a staircase to the Elven Halls.
 40336 | Orc:2    | Found a runed translucent door.
 40822 | Orc:2    | Found a roughly hewn altar of Beogh.
 40869 | Orc:2    | Noticed Ignak's ghost (journeyman GnAE)
 41107 | Orc:2    | Found Voec's Assorted Antiques.
 41115 | Orc:2    | Bought a potion of brilliance for 100 gold pieces
 41115 | Orc:2    | Bought a kite shield for 112 gold pieces
 41144 | Orc:2    | Found a roughly hewn altar of Beogh.
 41208 | Orc:2    | Reached skill level 17 in Fighting
 41208 | Orc:2    | Reached XP level 15. HP: 167/174 MP: 18/36
 41726 | Orc:2    | Got the Compendium of Desecration
 42285 | Orc:2    | Found a roughly hewn altar of Beogh.
 42418 | Orc:2    | Found Itzehuuw's Assorted Antiques.
 42426 | Orc:2    | Bought 2 glowing yellow potions for 48 gold pieces
 42426 | Orc:2    | Bought a pink potion for 24 gold pieces
 42426 | Orc:2    | Bought a scroll of teleportation for 81 gold pieces
 42426 | Orc:2    | Bought a scroll of identify for 54 gold pieces
 42927 | Orc:2    | Noticed an orc warlord
 42938 | Orc:2    | Killed an orc warlord
 43220 | Orc:2    | Found Ahattust's Antique Weapon Shop.
 43222 | Orc:2    | Found Hicoffeu's Antique Armour Boutique.
 43222 | Orc:2    | Found a roughly hewn altar of Beogh.
 43293 | Orc:2    | Killed Ignak's ghost
 44364 | D:13     | Reached skill level 5 in Summonings
 46267 | D:14     | Found the +2 shield of Resistance {rF++ rC++ Will++}
 46268 | D:14     | Found a runed translucent door.
 46273 | D:14     | Found a runed translucent door.
 51030 | D:14     | Found a gate to the Vaults.
 51615 | D:11     | Bought a curved glowing staff for 312 gold pieces
 52179 | D:14     | Reached skill level 1 in Shields
 52453 | D:15     | Entered Level 15 of the Dungeon
 52457 | D:15     | Identified the +1 leather armour of Xom's Displeasure
                  | {Rampage *Slow rCorr Str+2}
 52715 | D:15     | Found a basalt altar of Yredelemnul.
 54406 | D:15     | Reached XP level 16. HP: 160/179 MP: 4/38
 55513 | D:15     | Reached skill level 10 in Summonings
 56431 | D:15     | Found a staircase to the Depths.
 56474 | D:15     | Acquired the Essays on Creative Diablerie
 56484 | D:15     | Learned a level 7 spell: Monstrous Menagerie
 56652 | Swamp:1  | Entered Level 1 of the Swamp
 60704 | Swamp:1  | Found a hazy altar of Hepliaklqana.
 61059 | Swamp:2  | Noticed a tentacled monstrosity
 63874 | Swamp:2  | Killed a tentacled monstrosity
 66192 | Swamp:3  | Noticed Donald
 68181 | Swamp:3  | Killed Donald
 68186 | Swamp:3  | Found a runed translucent gate.
 68187 | Swamp:3  | Found a runed translucent gate.
 68187 | Swamp:3  | Noticed Jopt's ghost (journeyman VSBe)
 68242 | Swamp:3  | Reached XP level 17. HP: 193/193 MP: 1/39
 68752 | Swamp:3  | Found a runed translucent gate.
 69022 | Swamp:3  | Noticed Louise
 69026 | Swamp:3  | Killed Louise
 69044 | Swamp:3  | Noticed Bai Suzhen
 69203 | Swamp:4  | Entered Level 4 of the Swamp
 69724 | Spider:1 | Entered Level 1 of the Spider Nest
 75133 | Spider:3 | Reached skill level 15 in Summonings
 76842 | Spider:3 | Found a roughly hewn altar of Beogh.
 76877 | Spider:4 | Entered Level 4 of the Spider Nest
 77109 | Spider:4 | Learned a level 7 spell: Malign Gateway
 77174 | Spider:4 | Reached skill level 1 in Translocations
 77540 | Spider:4 | Identified the +2 quarterstaff "Ommariott" {protect, Int+2}
 78517 | Spider:4 | Found a runed translucent door.
 78517 | Spider:4 | Noticed Minguic's ghost (adept TrHW)
 78538 | Spider:4 | Killed Minguic's ghost
 78540 | Spider:4 | Identified the ring "Paofaar" {rN+ MP+9 Dex+3}
 79046 | Spider:4 | Reached XP level 18. HP: 200/202 MP: 30/42
 79251 | Spider:4 | Reached skill level 5 in Translocations
 79262 | Spider:4 | Got a gossamer rune of Zot
 81280 | Spider:4 | HP: 9/202 [poisoned by an emperor scorpion]
 81284 | Spider:4 | HP: 4/202 [poisoned by an emperor scorpion]
 81289 | Spider:4 | HP: 5/202 [poisoned by an emperor scorpion]
 82245 | Swamp:3  | Killed Jopt's ghost
 82301 | Swamp:3  | Identified the ring "Yda Orov" {rPois Will+}
 83365 | Swamp:4  | Noticed the 27-headed Lernaean hydra
 83382 | Swamp:4  | Killed the 26-headed Lernaean hydra
 85226 | Swamp:4  | Got a decaying rune of Zot
 85242 | Swamp:4  | Reached skill level 10 in Translocations
 85866 | Swamp:3  | Killed Bai Suzhen
 86116 | Elf:1    | Entered Level 1 of the Elven Halls
 87005 | Elf:1    | Reached skill level 5 in Shields
 88554 | Elf:1    | Noticed Agnes
 88572 | Elf:1    | Killed Agnes
 88829 | Elf:1    | Found Wiolytakh's Distillery.
 88834 | Elf:1    | Bought a potion of ambrosia for 128 gold pieces
 88834 | Elf:1    | Bought a potion of curing for 48 gold pieces
 88834 | Elf:1    | Bought a potion of heal wounds for 80 gold pieces
 88834 | Elf:1    | Bought a potion of ambrosia for 128 gold pieces
 88834 | Elf:1    | Bought a potion of might for 64 gold pieces
 88834 | Elf:1    | Bought a potion of brilliance for 64 gold pieces
 88834 | Elf:1    | Bought a potion of brilliance for 64 gold pieces
 89503 | Elf:1    | You fall into a shaft and drop 1 floor!
 89768 | Elf:2    | Reached XP level 19. HP: 210/210 MP: 29/43
 89920 | Elf:2    | Found Dedoyd's Magic Scroll Shop.
 89925 | Elf:2    | Bought a scroll of teleportation for 51 gold pieces
 89925 | Elf:2    | Bought a scroll of teleportation for 51 gold pieces
 89925 | Elf:2    | Bought a scroll of enchant armour for 127 gold pieces
 89925 | Elf:2    | Bought a scroll of silence for 161 gold pieces
 90829 | Elf:2    | Paralysed by an air elemental for 1 turns
 90839 | Elf:2    | Paralysed by an air elemental for 1 turns
 90853 | Elf:2    | Paralysed by an air elemental for 1 turns
 90861 | Elf:2    | Paralysed by an air elemental for 1 turns
 91232 | Elf:2    | Noticed a Brimstone Fiend
 91517 | Elf:2    | Learned a level 5 spell: Silence
 92039 | Elf:2    | Found a runed translucent gate.
 92040 | Elf:2    | Found a runed translucent gate.
 92040 | Elf:2    | Found a runed translucent gate.
 92310 | Elf:3    | Entered Level 3 of the Elven Halls
 92329 | Elf:3    | Found Gogojief's Weapon Shop.
 92347 | Elf:3    | Found Ifac's Vocational Training.
 92350 | Elf:3    | Noticed Asterion
 92566 | Elf:3    | Killed Asterion
 93149 | Elf:3    | Paralysed by an air elemental for 1 turns
 94029 | Elf:3    | Noticed a Brimstone Fiend
 94030 | Elf:3    | Identified the ring of Winter {rC++ Will+ Str+4}
 94525 | Elf:3    | Identified the +1 robe of Heresy {rC+ Stlth+}
 94882 | Elf:3    | Noticed an Ice Fiend
 96131 | Elf:3    | Identified the ring "Vookemme" {Wiz *Corrode rN+ Will+
                  | SInv}
 96161 | Elf:3    | Learned a level 6 spell: Dispersal
 96292 | Elf:3    | Identified the +8 hand axe "Oguuh" {elec, rC+}
 96632 | Elf:3    | Identified the +0 kite shield of Disguise {rF- Int+4 Slay-2
                  | Stlth+}
 96717 | Elf:3    | Got the Catalogue of Turbulence
 96723 | Elf:3    | Identified the +1 whip "Alaxzyss" {vamp, Dex+5}
 96986 | Elf:3    | Learned a level 4 spell: Martyr's Knell
 96992 | Elf:3    | Learned a level 5 spell: Freezing Cloud
 97164 | Vaults:1 | Entered Level 1 of the Vaults
 97194 | Vaults:1 | Reached skill level 1 in Ice Magic
 97205 | Vaults:1 | Reached skill level 1 in Necromancy
 97212 | Vaults:1 | Reached XP level 20. HP: 221/221 MP: 14/44
 97874 | Vaults:1 | Noticed Nikola
 97901 | Vaults:1 | Killed Nikola
 98100 | Vaults:1 | Identified the serpent talisman "Velepsoz" {*Corrode Str+7
                  | Int+2 Dex-2}
 98100 | Vaults:1 | Noticed Aizul
 98106 | Vaults:1 | Killed Aizul
 99479 | Vaults:2 | Found Pinwyo's Armour Emporium.
 99841 | Vaults:2 | Reached skill level 5 in Conjurations
 99961 | Vaults:2 | Reached skill level 5 in Ice Magic
 99983 | Vaults:2 | Reached skill level 1 in Armour
100143 | Vaults:2 | Found a staircase to the Crypt.
100611 | Vaults:2 | Identified the +3 halberd "Viraigh" {freeze, rC+ Dex+2}
100937 | Vaults:2 | You fall into a shaft and drop 2 floors!
101897 | Vaults:3 | Reached skill level 5 in Dodging
101918 | Vaults:3 | Reached skill level 5 in Armour
102549 | Vaults:2 | Learned a level 7 spell: Summon Hydra
102692 | Vaults:2 | Reached XP level 21. HP: 228/228 MP: 19/45
104063 | Vaults:3 | Found a glowing golden altar of the Shining One.
105970 | Vaults:4 | Reached skill level 10 in Shields
107587 | D:3      | Killed ballabu's ghost
107912 | Orc:1    | Killed MacCMillion's ghost
108113 | D:11     | Bought a potion of cancellation for 208 gold pieces
108282 | Elf:1    | Bought a potion of attraction for 48 gold pieces
108282 | Elf:1    | Bought a potion of mutation for 128 gold pieces
108282 | Elf:1    | Bought a potion of enlightenment for 80 gold pieces
108508 | Depths:1 | Entered Level 1 of the Depths
109711 | Depths:1 | Reached XP level 22. HP: 199/237 MP: 26/46
110727 | Depths:1 | Found a gateway to Hell.
111057 | Depths:2 | Found a shadowy altar of Dithmenos.
111728 | Depths:2 | Found a one-way gateway to a ziggurat.
111819 | Depths:2 | Reached skill level 10 in Dodging
112104 | Depths:2 | Noticed a juggernaut
112123 | Depths:2 | Reached skill level 10 in Armour
112777 | Depths:2 | Found a one-way gate leading to the halls of Pandemonium.
113079 | Depths:3 | Reached skill level 18 in Fighting
113281 | Depths:2 | Noticed a caustic shrike
113293 | Depths:2 | Killed a caustic shrike
114167 | Depths:3 | Reached skill level 19 in Fighting
114209 | Depths:3 | Identified the ring "Mihughupt" {Ice Str+3 SInv}
114209 | Depths:3 | Noticed Josephina
114806 | Depths:3 | Killed Josephina
114809 | Depths:3 | Reached skill level 20 in Fighting
114910 | Depths:3 | Found a one-way gate to the infinite horrors of the Abyss.
115363 | Depths:4 | Entered Level 4 of the Depths
115589 | Depths:4 | Reached XP level 23. HP: 185/254 MP: 9/47
116301 | Depths:4 | Noticed a golden dragon
116312 | Depths:4 | Killed a golden dragon
116687 | Depths:4 | Found an opulent altar of Gozag.
116916 | Depths:4 | Noticed Mennas
117432 | Depths:4 | Killed Mennas
118923 | Depths:4 | Found a gate to the Realm of Zot.
119610 | Slime:1  | Entered Level 1 of the Pits of Slime
121898 | Slime:3  | Gained mutation: Your mind is acute. (Int +4, Str/Dex -1)
                  | [a shining eye]
121900 | Slime:3  | Gained mutation: Your flesh is heat resistant. (rF+) [a
                  | shining eye]
121901 | Slime:3  | Gained mutation: You are partially covered in iridescent
                  | scales. (AC +2) [a shining eye]
122457 | Slime:3  | Gained mutation: You are clumsy. (Dex -2) [a shining eye]
122474 | Slime:3  | Gained mutation: Your spells are a little easier to cast,
                  | but a little less powerful. [a shining eye]
122599 | Slime:4  | Gained mutation: Your magical capacity is low. (-10% MP) [a
                  | shining eye]
122603 | Slime:4  | Gained mutation: Armour fits poorly on your strangely
                  | shaped body. [a shining eye]
122958 | Slime:4  | Gained mutation: You are frail. (-10% HP) [a shining eye]
123102 | Slime:3  | Lost mutation: Armour fits poorly on your strangely shaped
                  | body. [potion of mutation]
123102 | Slime:3  | Lost mutation: Your spells are a little easier to cast, but
                  | a little less powerful. [potion of mutation]
123102 | Slime:3  | Lost mutation: Your magical capacity is low. (-10% MP)
                  | [potion of mutation]
123102 | Slime:3  | Gained mutation: You sometimes lose your temper in combat.
                  | [potion of mutation]
123102 | Slime:3  | Gained mutation: Your flesh is very heat resistant. (rF++)
                  | [potion of mutation]
123102 | Slime:3  | Gained mutation: You are somewhat resistant to further
                  | mutation. [potion of mutation]
123342 | Slime:5  | Entered Level 5 of the Pits of Slime
123345 | Slime:5  | Gained mutation: You are very clumsy. (Dex -4) [a shining
                  | eye]
123370 | Slime:5  | Learned a level 4 spell: Passage of Golubria
123575 | Slime:5  | Noticed the Royal Jelly
123590 | Slime:5  | Killed the Royal Jelly
123591 | Slime:5  | Reached skill level 21 in Fighting
123940 | Slime:5  | a rockslime changed into a golden dragon
123940 | Slime:5  | Noticed a golden dragon
123943 | Slime:5  | Killed a golden dragon
124084 | Slime:5  | Got the Atlas of the Wild Sixfirhy
124087 | Slime:5  | Got the Lectures on Roasted Direction
124134 | Slime:5  | Identified the +6 trident of Change {drain, rElec Will+++
                  | Int-5 Stlth+}
124135 | Slime:5  | Identified the -2 pair of boots "Xiwaf" {Str+4 Int+3 Dex+2}
124138 | Slime:5  | Identified the +6 orcbow "Hydrabane" {antimagic, rElec rC+
                  | Str+4}
124242 | Slime:5  | Got Mupsow's Disquisition on the Tomb
124244 | Slime:5  | Got a slimy rune of Zot
124246 | Slime:5  | Identified the ring "Daotzaiwi" {rN+ SInv}
124730 | Zot:1    | Entered Level 1 of the Realm of Zot
124750 | Zot:1    | Noticed a golden dragon
124754 | Zot:1    | Noticed a golden dragon
124765 | Zot:1    | Killed a golden dragon
125603 | Depths:4 | Killed a golden dragon
126159 | Zot:1    | Learned a level 7 spell: Haunt
126280 | Zot:1    | Reached XP level 24. HP: 243/243 MP: 20/47
126493 | Zot:1    | Reached skill level 5 in Necromancy
131010 | Zot:2    | Found a huge runed translucent gate.
131010 | Zot:2    | Found a huge runed translucent gate.
131010 | Zot:2    | Found a huge runed translucent gate.
131011 | Zot:2    | Found a huge runed translucent gate.
131012 | Zot:2    | Found a huge runed translucent gate.
131012 | Zot:2    | Found a huge runed translucent gate.
131012 | Zot:2    | Found a huge runed translucent gate.
131013 | Zot:2    | Found a huge runed translucent gate.
131013 | Zot:2    | Found a huge runed translucent gate.
131013 | Zot:2    | Found a huge runed translucent gate.
131013 | Zot:2    | Found a huge runed translucent gate.
131014 | Zot:2    | Found a huge runed translucent gate.
131014 | Zot:2    | Found a huge runed translucent gate.
131015 | Zot:2    | Found a huge runed translucent gate.
131015 | Zot:2    | Found a huge runed translucent gate.
131018 | Zot:2    | Found a huge runed translucent gate.
131020 | Zot:2    | Found a huge runed translucent gate.
131020 | Zot:2    | Found a huge runed translucent gate.
131529 | Zot:2    | Found a huge runed translucent gate.
131529 | Zot:2    | Found a huge runed translucent gate.
131531 | Zot:2    | Found a huge runed translucent gate.
131531 | Zot:2    | Found a huge runed translucent gate.
131531 | Zot:2    | Found a huge runed translucent gate.
131532 | Zot:2    | Found a huge runed translucent gate.
131532 | Zot:2    | Found a huge runed translucent gate.
131533 | Zot:2    | Found a huge runed translucent gate.
131533 | Zot:2    | Found a huge runed translucent gate.
131533 | Zot:2    | Found a huge runed translucent gate.
131533 | Zot:2    | Found a huge runed translucent gate.
131533 | Zot:2    | Found a huge runed translucent gate.
131533 | Zot:2    | Found a huge runed translucent gate.
131640 | Zot:2    | Learned a level 5 spell: Irradiate
132545 | Zot:2    | Found a huge runed translucent gate.
132545 | Zot:2    | Found a huge runed translucent gate.
132547 | Zot:2    | Found a huge runed translucent gate.
132548 | Zot:2    | Found a huge runed translucent gate.
132550 | Zot:2    | Found a huge runed translucent gate.
132633 | Zot:2    | Reached skill level 22 in Fighting
133534 | Zot:2    | Found a huge runed translucent gate.
133534 | Zot:2    | Found a huge runed translucent gate.
133534 | Zot:2    | Found a huge runed translucent gate.
133535 | Zot:2    | Found a huge runed translucent gate.
133536 | Zot:2    | Found a huge runed translucent gate.
133930 | Zot:2    | Found a huge runed translucent gate.
133930 | Zot:2    | Found a huge runed translucent gate.
133930 | Zot:2    | Found a huge runed translucent gate.
133930 | Zot:2    | Found a huge runed translucent gate.
133930 | Zot:2    | Found a huge runed translucent gate.
133931 | Zot:2    | Found a huge runed translucent gate.
133932 | Zot:2    | Found a huge runed translucent gate.
133933 | Zot:2    | Found a huge runed translucent gate.
133981 | Zot:2    | Found a huge runed translucent gate.
133982 | Zot:2    | Found a huge runed translucent gate.
133982 | Zot:2    | Found a huge runed translucent gate.
133982 | Zot:2    | Found a huge runed translucent gate.
133982 | Zot:2    | Found a huge runed translucent gate.
133982 | Zot:2    | Found a huge runed translucent gate.
133983 | Zot:2    | Found a huge runed translucent gate.
133983 | Zot:2    | Found a huge runed translucent gate.
133983 | Zot:2    | Found a huge runed translucent gate.
134020 | Zot:2    | Found a huge runed translucent gate.
134021 | Zot:2    | Found a huge runed translucent gate.
134022 | Zot:2    | Found a huge runed translucent gate.
134023 | Zot:2    | Found a huge runed translucent gate.
134024 | Zot:2    | Found a huge runed translucent gate.
134025 | Zot:2    | Found a huge runed translucent gate.
134025 | Zot:2    | Found a huge runed translucent gate.
134029 | Zot:2    | Found a huge runed translucent gate.
135193 | Zot:3    | Noticed an orb of fire
135214 | Zot:3    | Noticed a Killer Klown
135651 | Zot:2    | Killed an orb of fire
135830 | Zot:3    | Reached skill level 23 in Fighting
136178 | Zot:2    | Reached XP level 25. HP: 164/258 MP: 30/47
137649 | Zot:3    | Reached skill level 15 in Invocations
138848 | Zot:3    | Killed a Killer Klown
139520 | Zot:3    | Noticed a dread lich
139533 | Zot:3    | Killed a dread lich
139534 | Zot:3    | Reached skill level 24 in Fighting
140346 | Zot:3    | Found a faded altar of an unknown god.
140439 | Zot:3    | Noticed a dread lich
140449 | Zot:3    | Killed a dread lich
143764 | Zot:4    | Noticed a Killer Klown
143824 | Zot:4    | Killed a Killer Klown
143825 | Zot:4    | Reached skill level 25 in Fighting
144227 | Zot:4    | Found a runed translucent door.
144230 | Zot:4    | Noticed Befigh's ghost (legendary HOFi)
144376 | Zot:5    | Entered Level 5 of the Realm of Zot
146365 | Zot:5    | Noticed an ancient lich
146382 | Zot:5    | Killed an ancient lich
146713 | Zot:5    | Reached XP level 26. HP: 274/274 MP: 42/47
146818 | Zot:5    | Noticed an orb of fire
146822 | Zot:5    | Lost mutation: Your mind is acute. (Int +4, Str/Dex -1) [an
                  | orb of fire]
146825 | Zot:5    | Noticed an orb of fire
146827 | Zot:5    | Noticed an orb of fire
147219 | Zot:5    | Killed an orb of fire
147243 | Zot:5    | Noticed an orb of fire
147259 | Zot:5    | Killed an orb of fire
147267 | Zot:5    | Gained mutation: Potions are less effective at restoring
                  | your health. [an orb of fire]
147280 | Zot:5    | Killed an orb of fire
147358 | Zot:5    | Noticed a dread lich
147374 | Zot:5    | Killed a dread lich
147535 | Zot:5    | Noticed a Killer Klown
147542 | Zot:5    | Killed a Killer Klown
147688 | Zot:5    | Killed an orb of fire
148297 | Zot:5    | Noticed a Killer Klown
148306 | Zot:5    | Noticed an orb of fire
148864 | Zot:5    | Killed a dread lich
148882 | Zot:5    | Killed an orb of fire
149710 | Zot:5    | Noticed a dread lich
149719 | Zot:5    | Killed a dread lich
149805 | Zot:5    | Killed an orb of fire
149836 | Zot:5    | Noticed a Killer Klown
149843 | Zot:5    | Killed a Killer Klown
149947 | Zot:5    | Noticed an orb of fire
149958 | Zot:5    | Killed an orb of fire
150008 | Zot:5    | Noticed a Killer Klown
150016 | Zot:5    | Killed a Killer Klown
150713 | Zot:5    | Killed a Killer Klown
151436 | Zot:5    | Reached skill level 26 in Fighting
151447 | Zot:5    | Noticed an orb of fire
151451 | Zot:5    | Gained mutation: You have an uncontrollable temper. [an orb
                  | of fire]
151459 | Zot:5    | Killed an orb of fire
151790 | Zot:5    | Got the Orb of Zot
151899 | Zot:2    | Noticed Nezxeeg the pandemonium lord
152299 | D:8      | Found a hide-covered altar of Uskayaw.
152299 | D:8      | Found an ancient bone altar of Kikubaaqudgha.
152462 | D:3      | Noticed a seraph
152529 | D:$      | Escaped with the Orb!

Illustrated notes

Levels and vault maps discovered:
D:1:      lightli_arrival_statue_moat, layout_rooms
D:2:      layout_basic
D:3:      layout_basic, gammafunk_ghost_necromancy, basic_ecumenical_altar,
          serial_shops, nicolae_shop_advertising_works
          [nicolae_subvault_shop_adworks]
D:4:      layout_basic, minmay_temple_entry_statues
D:5:      layout_cave_pools, serial_column_ruins, column_ruins_hut,
          column_ruins_grid_3, column_ruins_columns_T, column_ruins_open_small,
          uniq_prince_ribbit1
D:6:      kennysheep_steamy, layout_basic, lemuel_crystal_altar
D:7:      layout_rooms, nicolae_overflow_crystal_walls, monkooky_shop_mail_order
D:8:      kennysheep_seaside_town, layout_cave_pools,
          nicolae_overflow_hidden_temple, uniq_grum, uniq_maggie, uniq_gastronok
D:9:      layout_layer_cave, lair_entry_dummy, uniq_maurice
D:10:     layout_irregular_city, uniq_lodul, uniq_urug
D:11:     layout_basic, serial_shops, shop, uniq_erica
D:12:     layout_basic, erik_orc_2, minivault_27, minmay_protected_statue,
          uniq_sonja
D:13:     layout_roguey
D:14:     layout_basic, skrybe_vaults_entry_preservation,
          minmay_misc_feat_ornament, minmay_guarded_unrand_resistance
D:15:     grunt_enter_depths_snipers, layout_gridville, minivault_25,
          roadster_capsule_ark_zombie
Temple:   eino_temple_rhombus
Lair:1:   layout_roguey, hangedman_lair_generics_rect
Lair:2:   dreamdust_cave_troll, layout_cave_pods,
          nicolae_swamp_entry_splash_gauntlet, grunt_megastairs_3,
          serial_bayou_shore_a
Lair:3:   layout_layer_cave, nicolae_spider_entry_lesser_pyramids, pond,
          lemuel_fruit_fields, grunt_megastairs_2
Lair:4:   layout_roguey, portal_ice_cave_entry_imps, minivault_11,
          chequers_serial_rivers_large_a, roderic_batcave,
          nicolae_quartered_pool_super, lemuel_fruit_tree
Lair:5:   evilmike_catoblepas_cave, layout_gridlike,
          nicolae_slime_entry_slimehenge
Swamp:1:  layout_basic_swamp, basic_altar, swamp_pool_3,
          nicolae_swamp_small_spring
Swamp:2:  layout_falls_marsh, hangedman_swamp_ruin_wall, swamp_pool_4,
          nicolae_swamp_well_well_well, nicolae_swamp_some_circles,
          nicolae_swamp_fairy_circle, nicolae_swamp_little_swirl
Swamp:3:  layout_basic_swamp, gammafunk_ghost_hydra_chop,
          evilmike_swamp_ruin_rubble_2, swamp_pool_1_2, st_swamp_mini,
          infiniplex_staircase_pool, uniq_louise, uniq_bai_suzhen, uniq_donald
Swamp:4:  grunt_swamp_rune_castle, layout_basic_swamp
Spider:1: layout_spider_delve
Spider:2: layout_spider_delve
Spider:3: nicolae_spider_mines_2
Spider:4: grunt_spider_rune_parallel, gammafunk_ghost_grave, drop_trap
Slime:1:  layout_caves
Slime:2:  layout_caves
Slime:3:  layout_caves
Slime:4:  layout_caves
Slime:5:  slime_pit
Orc:1:    layout_caves, basic_altar, ebering_ghost_reflecting_pool,
          nicolae_shop_gadgets, uniq_snorg
Orc:2:    grunt_orc_community_town_hall, layout_caves,
          grunt_orc_community_big_house_1, grunt_orc_community_big_house_1,
          grunt_orc_community_house_1, grunt_orc_community_house_2,
          grunt_orc_community_house_1, grunt_orc_community_house_3,
          grunt_orc_community_house_1, grunt_orc_community_house_3,
          hellmonk_ghost_happy_afterlife, einodemon_barbed_minivault
Elf:1:    nicolae_elf_arrival_fired_up, layout_loops_corners, serial_shops,
          nicolae_diamond_shop, nicolae_elf_crossing_hall, uniq_agnes
Elf:2:    nicolae_elf_blades_crystal_corner, layout_loops_corners, serial_shops,
          nicolae_shop_rolling_square, minivault_19
Elf:3:    grunt_elf_hall_diamonds, layout_gridlike, serial_shops,
          nicolae_shop_getting_attention, serial_sigils_hangedman_etch,
          nicolae_elf_m_pinch, nicolae_shop_vocational, uniq_asterion
Vaults:1: mu_enter_wizlab_3, nicolae_vaults_alarming, nicolae_vaults_prndl,
          vaults_room_ringed_pool, hangedman_vaults_hat, vaults_mumra_lcd,
          ontoclasm_vaults_chip, vaults_room_door_ring,
          grunt_vaults_hallway_short, nicolae_vaults_heart-shaped_vault,
          layout_vaults_omnigrid, uniq_nikola, uniq_aizul
Vaults:2: nicolae_vaults_offset_grid_hallway_2, minmay_crypt_entry_simple_box,
          hangedman_vaults_slither, nicolae_vaults_shipping_containers_5,
          hangedman_vaults_trim, nicolae_vaults_frosty_reception,
          nicolae_vaults_twisting_passages, ontoclasm_vaults_shuriken,
          nicolae_vaults_double_plus_1, nicolae_vaults_double_plus_1,
          layout_vaults_maze_bifur, serial_shops, nicolae_shop_waterfront
Vaults:3: v_misc_33, lemuel_angel_altar, nicolae_vaults_hallways_thing,
          v_rooms_6, nicolae_vaults_murder_corner, v_alt_pattern_2,
          nicolae_vaults_tetromino_Z_1, nicolae_vaults_ellipses_ellipsis,
          nicolae_vaults_hexular_roomagon, nicolae_vaults_little_squares_6,
          layout_vaults_omnicross
Vaults:4: v_pattern_1, nicolae_vaults_little_squares_3, v_rooms_3,
          hangedman_vaults_stream, hangedman_vaults_nails,
          ontoclasm_vaults_pinch, nicolae_vaults_little_squares_2,
          vaults_room_pool, layout_vaults_chaotic_city, uniq_margery
Depths:1: layout_roguey, chequers_hall_statues_y, pf_coc_iceberg,
          evilmike_ambush [evilmike_ambush_outer_pillars,
          evilmike_ambush_inner_basic], firewood_loft,
          infiniplex_staircase_pool_lava
Depths:2: minmay_the_grid_octo_triangle [minmay_the_grid_octo_chip,
          minmay_the_grid_octo_prize_single_spiral,
          minmay_the_grid_octo_pinwheel], layout_basic, enter_ziggurat_b,
          grunt_pan_entry_sceptre, pf_hell_entry_tar_river,
          grunt_dithmenos_smoke_and_mirrors
Depths:3: lemuel_troll_bridge, layout_basic, grunt_hell_entry_dis_mu,
          abyss_entry, uniq_josephina
Depths:4: evilmike_zot_entry_hall, layout_cave_shapes, lightli_too_deep,
          glass_columns_a, nicolae_gozag_cash_rules_everything_around_me,
          uniq_mennas
Zot:1:    layout_basic, grunt_ministairs_8, regret_index_zotdec_banners
Zot:2:    layout_concentric_octagons, regret_index_zotdec_onion_hex, door_vault
Zot:3:    regret_index_infernal_bastille, layout_basic, grunt_megastairs_5
Zot:4:    layout_onion_interference, ebering_ghost_reflecting_pool
Zot:5:    layout_misc_corridors, st_stairs_2

Skill      XL: |  1  2  3  4  5  6  7  8  9 10 11 12 13 14 15 16 17 18 19 20 21 22 23 24 25 26 |
---------------+-------------------------------------------------------------------------------+-----
Conjurations   | 1 2 5 |  5.0
Alchemy        | 3 4 5 6 7 |  7.0
Fighting       | 1 2 3 4 5 6 10 12 15 17 20 21 23 25 26 | 26.5
Spellcasting   | 3 4 5 7 10 12 15 16 17 18 20 | 20.2
Air Magic      | 2 6 |  6.0
Invocations    | 2 4 7 10 11 14 15 | 15.0
Summonings     | 4 9 14 15 16 18 20 22 | 22.0
Short Blades   | 3 |  3.0
Hexes          | 2 6 |  6.0
Shields        | 2 7 9 11 13 | 13.0
Translocations | 4 10 11 | 11.0
Dodging        | 2 6 9 10 | 10.0
Ice Magic      | 1 5 |  5.0
Necromancy     | 1 3 4 8 |  8.4
Armour         | 6 9 10 | 10.0
Stealth        | |  1.4

Action                     |  1- 3 |  4- 6 |  7- 9 | 10-12 | 13-15 | 16-18 | 19-21 | 22-24 | 25-27 || total
---------------------------+-------+-------+-------+-------+-------+-------+-------+-------+-------++-------
  Melee: Unarmed           |     1 |       |       |       |       |       |       |       |       ||     1
         Dagger            |    71 |     3 |   185 |   116 |    60 |       |       |       |       ||   435
         Headbutt          |    11 |     8 |    33 |    23 |    15 |     6 |     6 |    17 |    10 ||   129
         Whip              |       |   107 |    13 |       |       |       |       |       |       ||   120
         Hand axe          |       |       |       |       |       |       |    18 |       |       ||    18
         Staff             |       |       |       |       |       |       |       |    46 |    25 ||    71
   Fire: Arbalest          |       |       |       |       |    75 |    63 |    18 |       |       ||   156
  Throw: Dart              |       |     1 |     7 |     9 |    15 |     6 |     1 |       |       ||    39
         Boomerang         |       |       |     5 |     3 |       |       |       |       |       ||     8
         Throwing net      |       |       |       |       |       |     4 |       |       |       ||     4
   Cast: Sting             |    19 |    35 |    19 |       |       |       |       |       |       ||    73
         Mercury Vapours   |    19 |    48 |    36 |    20 |    15 |     4 |       |       |       ||   142
         Mephitic Cloud    |       |     1 |    44 |    35 |    44 |    10 |       |       |       ||   134
         Olgreb's Toxic Ra |       |       |    16 |   139 |   213 |    13 |       |       |       ||   381
         Airstrike         |       |       |       |    70 |   502 |   334 |    19 |       |       ||   925
         Summon Lightning  |       |       |       |       |   116 |    46 |     3 |     1 |       ||   166
         Yara's Violent Un |       |       |       |       |     3 |     1 |       |       |       ||     4
         Monstrous Menager |       |       |       |       |       |   363 |   337 |   406 |   199 ||  1305
         Malign Gateway    |       |       |       |       |       |     3 |    55 |    83 |    61 ||   202
         Martyr's Knell    |       |       |       |       |       |       |    68 |    89 |    50 ||   207
         Silence           |       |       |       |       |       |       |     1 |       |       ||     1
         Summon Hydra      |       |       |       |       |       |       |    93 |   270 |   142 ||   505
         Dispersal         |       |       |       |       |       |       |     1 |    26 |     9 ||    36
         Haunt             |       |       |       |       |       |       |       |    14 |    12 ||    26
         Irradiate         |       |       |       |       |       |       |       |     3 |       ||     3
 Invoke: Banish            |       |       |     4 |     9 |    10 |     8 |     5 |     2 |     1 ||    39
  Evoke: Wand              |       |       |       |     2 |     7 |    14 |     7 |    10 |     5 ||    45
    Use: Potion            |     1 |     1 |       |       |     2 |    15 |     5 |    11 |    13 ||    48
         Scroll            |       |    10 |     4 |     5 |    10 |    31 |    12 |    15 |     7 ||    94
   Stab: Confused          |       |       |     7 |     3 |     1 |       |       |       |       ||    11
         Sleeping          |       |       |     1 |       |       |       |       |       |       ||     1
         Distracted        |       |       |       |       |     2 |       |       |       |       ||     2
         Petrified         |       |       |       |       |       |       |       |     3 |       ||     3
         Petrifying        |       |       |       |       |       |       |       |     1 |       ||     1
 Armour: Robe              |    79 |    76 |   142 |       |       |       |       |       |       ||   297
         Skin              |       |    16 |       |       |       |       |       |       |       ||    16
         Steam dragon scal |       |       |       |   202 |   451 |   147 |       |       |       ||   800
         Troll leather arm |       |       |       |       |       |   694 |   369 |   361 |       ||  1424
         Quicksilver drago |       |       |       |       |       |       |       |   288 |   360 ||   648
  Dodge: Dodged            |    52 |    63 |   104 |    91 |   186 |   440 |   108 |   159 |    76 ||  1279
  Block: Kite shield       |       |       |       |       |    11 |       |    90 |   305 |   118 ||   524
         Other             |       |       |       |       |       |    42 |     6 |       |       ||    48
         Reflection        |       |       |       |       |       |     1 |       |       |       ||     1

Table legend: (Time is in decaauts)
 A = Elapsed time spent in this place.
 B = Non-inter-level travel time spent in this place.
 C = Inter-level travel time spent in this place.
 D = Time resting spent in this place.
 E = Time spent auto-exploring this place.
 F = Levels seen in this place.
 G = Mean time per level.
                   A        B        C        D        E       F      G
               +--------+--------+--------+--------+--------+-----+--------+
         Total | 153028 | 143414 |   9614 |  74936 |  40689 |  52 | 2942.8 |
       Dungeon |  38615 |  34746 |   3869 |  14996 |  14151 |  15 | 2574.3 |
        Temple |      1 |      1 |      0 |      0 |      0 |   1 |    1.0 |
          Lair |  19723 |  18245 |   1478 |  10670 |   5374 |   5 | 3944.6 |
         Swamp |  12666 |  12119 |    547 |   7677 |   2558 |   4 | 3166.5 |
   Spider Nest |  12379 |  11431 |    948 |   5035 |   3878 |   4 | 3094.8 |
    Slime Pits |   4568 |   4359 |    209 |   2886 |    271 |   5 |  913.6 |
  Orcish Mines |   9111 |   8737 |    374 |   5819 |   1867 |   2 | 4555.5 |
   Elven Halls |   9227 |   8745 |    482 |   3508 |   3421 |   3 | 3075.7 |
        Vaults |   9711 |   9456 |    255 |   3442 |   3950 |   4 | 2427.8 |
        Depths |  12959 |  12114 |    845 |   6334 |   2412 |   4 | 3239.8 |
           Zot |  24064 |  23460 |    604 |  14568 |   2807 |   5 | 4812.8 |
               +--------+--------+--------+--------+--------+-----+--------+

Top non-repeatable levels by time:
    D:14: 7694 daAuts
  Lair:2: 7472 daAuts
   Zot:3: 6419 daAuts
   Zot:5: 6399 daAuts
   Orc:2: 5801 daAuts
   Zot:2: 5416 daAuts
Depths:4: 5379 daAuts
Spider:4: 4648 daAuts
    D:12: 4102 daAuts
  Lair:5: 3979 daAuts
 Swamp:2: 3911 daAuts
  Lair:1: 3908 daAuts
   Elf:2: 3689 daAuts
    D:15: 3617 daAuts
   Orc:1: 3310 daAuts
